 Dungeon Crawl Stone Soup version bcrawl-1.40.3b (webtiles) character file.

Game seed: 3786622584194383691

219962 Amelense the Carver (level 8, -2/58 HPs)
             Began as a Human Fighter on Feb 8, 2024.
             Was a Follower of Qazlal.
             Slain by a hippogriff (3 damage)
             ... on level 5 of the Dungeon.
             The game lasted 00:17:13 (4350 turns).

Amelense the Carver (Human Fighter)                 Turns: 4350, Time: 00:17:14

Health: -2/58      AC:  8    Str: 18    XL:     8   Next: 22%
Magic:  8/8        EV:  1    Int:  8    God:    Qazlal [*.....]
Gold:   36         SH: 16    Dex: 14    Spells: 7/7 levels left

rFire    . . .     GDR:     29% a - +0 long sword
rCold    . . .     SeeInvis .   c - +0 medium shield
rNeg     . . .     Gourm    .   g - +0 plate armour
rPois    .         Faith    .   (no helmet)
rElec    +         Spirit   .   (no cloak)
rCorr    .         Reflect  +   n - +0 pair of gloves
MR       .....                  (no boots)
Stlth    ..........             v - +3 amulet of reflection
HPRegen  0.19/turn              p - ring of insulation
MPRegen  0.11/turn              (no ring)

@: corroded
A: no striking features
a: Renounce Religion


You were on level 5 of the Dungeon.
You worshipped Qazlal.
Qazlal was aware of your devotion.
You were not hungry.

You visited 2 branches of the dungeon, and saw 6 of its levels.

You collected 231 gold pieces.
You spent 195 gold pieces at shops.

Inventory:

Hand Weapons
 a - a +0 long sword (weapon)
Missiles
 m - 67 poisoned tomahawks (quivered)
Armour
 b - a +0 scale mail
 c - a +0 medium shield (worn)
 g - a +0 plate armour (worn)
 n - a +0 pair of gloves (worn)
Jewellery
 p - a ring of insulation (left hand)
 v - a +3 amulet of reflection (around neck)
Wands
 d - a wand of polymorph (9)
 r - a wand of flame (21)
Scrolls
 f - 2 scrolls of revelation {unknown}
 i - 5 scrolls of identify
 j - 4 scrolls of teleportation {unknown}
 k - a scroll of amnesia {unknown}
 l - a scroll of immolation {unknown}
 t - a scroll of enchant armour {unknown}
Potions
 h - 2 potions of flight {unknown}
 o - a potion of invisibility {unknown}
 q - a potion of mutation {unknown}
 s - a potion of lignification {unknown}
Comestibles
 e - 3 rations {!d}
 u - 5 chunks of flesh


   Skills:
 - Level 3.3 Fighting
 * Level 9.2 Long Blades
 - Level 3.7 Armour
 - Level 3.8 Shields
 + Level 1.1 Unarmed Combat


You had 7 spell levels left.
You didn't know any spells.
Your spell library was empty.

Dungeon Overview and Level Annotations

Branches:
Dungeon (5/12)             Temple (1/1) D:4

Altars:
Ashenzari
Cheibriados
Dithmenos
Fedhas
Gozag
Makhleb
Nemelex Xobeh
Okawaru
Qazlal
Ru
Sif Muna
Trog
Uskayaw
Vehumet
Wu Jian
Xom
Yredelemnul
The Shining One

Shops:
D:5 ?=


Message History

The hippogriff is heavily wounded.
You block the hippogriff's attack.
The hippogriff pecks you but does no damage.
The hippogriff claws you but does no damage.
Your plate armour prevents you from hitting the hippogriff.
The hippogriff is heavily wounded.
You block the hippogriff's attack. x2; The hippogriff claws you.
* * * LOW HITPOINT WARNING * * *
Your shield and plate armour prevent you from hitting the hippogriff.
The hippogriff is heavily wounded.
The hippogriff bites you.
* * * LOW HITPOINT WARNING * * *
The hippogriff pecks you but does no damage.
The hippogriff claws you!
* * * LOW HITPOINT WARNING * * *
Unknown command.
Your shield and plate armour prevent you from hitting the hippogriff.
The hippogriff is heavily wounded.
The hippogriff bites you.
You die...

#.#.# # #.# # #.#.#.
## #..... .. . ..# ##.
.. .## ###...##### ##
... .# .##.....#...#
.##.. # ##
...........# ...
##.##...####.@.##.#
>.#.....#⌠.##H##.⌠#
#.#.....#.........#
###.#..###.#.......##
##.#.#..#...#..†....#
........'...÷..._...+
.....#......#.......#
#...##..#####.......#
...........#.........#


You could see a hippogriff.

Vanquished Creatures
  2 necrophages
  A bullfrog (D:5)
  A scorpion (D:4)
  A howler monkey (D:4)
  A crimson imp (D:4)
  A hound (D:5)
  2 jellies (D:5)
  An orc wizard (D:4)
  2 iguanas
  Terence (D:2)
  Natasha (twice) (D:4)
  A worker ant (D:4)
  Ijyb (D:4)
  3 gnolls (D:3)
  7 adders
  A shadow imp (D:3)
  An ooze (D:2)
  2 worms
  A dart slug (D:1)
  4 leopard geckos
  7 orcs (D:3)
  2 ball pythons
  A bat (D:1)
  2 giant cockroaches
  9 hobgoblins
  6 jackals
  9 kobolds
  2 quokkas (D:3)
  4 frilled lizards
  8 goblins
  4 goblin zombies (D:4)
  A hobgoblin zombie (D:4)
  2 kobold skeletons (D:4)
  2 kobold zombies (D:4)
  An orc skeleton (D:4)
  4 rats
100 creatures vanquished.

Notes
Turn   | Place    | Note
-------+----------+-------------------------------------------
     0 | D:1      | Amelense the Human Fighter began the quest for the Orb.
     0 | D:1      | Reached XP level 1. HP: 18/18 MP: 1/1
   185 | D:1      | Reached XP level 2. HP: 20/24 MP: 2/2
   451 | D:1      | Reached XP level 3. HP: 24/29 MP: 3/3
   750 | D:2      | Found an opulent altar of Gozag.
   994 | D:2      | Reached skill level 3 in Long Blades
  1104 | D:2      | Reached XP level 4. HP: 35/35 MP: 4/4
  1248 | D:2      | Noticed Terence
  1270 | D:2      | Killed Terence
  1271 | D:2      | Reached skill level 4 in Long Blades
  1485 | D:3      | Reached XP level 5. HP: 26/41 MP: 5/5
  1867 | D:3      | Reached skill level 5 in Long Blades
  2201 | D:3      | Reached XP level 6. HP: 43/47 MP: 6/6
  2418 | D:4      | Found a radiant altar of Vehumet.
  2485 | D:4      | Found a staircase to the Ecumenical Temple.
  2493 | Temple   | Entered the Ecumenical Temple
  2873 | Temple   | Became a worshipper of Qazlal Stormbringer
  2968 | D:4      | Reached skill level 6 in Long Blades
  3084 | D:4      | Noticed Ijyb
  3094 | D:4      | Killed Ijyb
  3098 | D:4      | Reached XP level 7. HP: 49/52 MP: 7/7
  3103 | D:4      | Reached skill level 7 in Long Blades
  3123 | D:4      | Found a glowing golden altar of the Shining One.
  3621 | D:4      | Found a snail-covered altar of Cheibriados.
  3663 | D:4      | Found a sacrificial altar of Ru.
  3679 | D:4      | Reached * piety under Qazlal
  3831 | D:4      | Noticed Natasha
  3843 | D:4      | Killed Natasha
  3844 | D:4      | Reached skill level 8 in Long Blades
  4042 | D:4      | Noticed Natasha
  4047 | D:4      | Killed Natasha
  4080 | D:5      | Entered Level 5 of the Dungeon
  4080 | D:5      | Found Ziunwub's Jewellery Emporium.
  4080 | D:5      | Found Bamin's Magic Scroll Boutique.
  4236 | D:5      | Bought a +3 amulet of reflection for 195 gold pieces
  4279 | D:5      | Found a shattered altar of Ashenzari.
  4291 | D:5      | Reached XP level 8. HP: 58/58 MP: 8/8
  4295 | D:5      | Reached skill level 1 in Unarmed Combat
  4318 | D:5      | Noticed a hippogriff
  4337 | D:5      | Reached skill level 9 in Long Blades
  4349 | D:5      | HP: 1/58 [hippogriff (7)]
  4350 | D:5      | Slain by a hippogriff

Skill      XL: |  1  2  3  4  5  6  7  8 |
---------------+-------------------------+-----
Long Blades    | 3 4 5 6 8 9 |  9.2
Unarmed Combat | 1 |  1.1
Fighting       | |  3.3
Armour         | |  3.7
Shields        | |  3.8

Action                   |  1- 3 |  4- 6 |  7- 9 || total
-------------------------+-------+-------+-------++-------
Melee: Long sword        |   138 |   225 |   143 ||   506
       Unarmed           |       |     5 |     6 ||    11
  Use: Potion            |       |     1 |     2 ||     3
  Eat: Chunk             |     5 |    12 |     6 ||    23
       Ration            |       |       |     1 ||     1
Armor: Plate armour      |    87 |   108 |    61 ||   256
       Scale mail        |     7 |       |       ||     7
       Skin              |       |       |     1 ||     1
Dodge: Dodged            |     5 |     8 |     1 ||    14
Block: Medium shield     |    88 |   115 |    89 ||   292
